 Dungeon Crawl Stone Soup version 0.31.0-9-g3a7656b989 (webtiles) character file.

Game seed: 11085521336073601358

35 qw the Shooter (level 3, 0/20 HPs)
             Began as a Deep Elf Hunter on Feb 2, 2024.
             Killed by nerve-wracking pain
             ... invoked by Jessica
              (14 damage)
             ... on level 2 of the Dungeon.
             The game lasted 00:00:03 (1161 turns).

qw the Shooter (Deep Elf Hunter)                    Turns: 1161, Time: 00:00:03

Health: 0/20       AC:  5    Str: 10    XL:     3   Next: 16%
Magic:  5/5        EV: 11    Int: 13    God:
Gold:   68         SH:  0    Dex: 18    Spells: 2/2 levels left

rFire   . . .        a - +0 shortbow
rCold   . . .        (shield currently unavailable)
rNeg    . . .        f - +0 ring mail
rPois   .            (no helmet)
rElec   .            (no cloak)
rCorr   .            (no gloves)
SInv    .            (no boots)
Will    .....        (no amulet)
Stlth   +            (no ring)
HPRegen 0.23/turn    (no ring)
MPRegen 0.09/turn

%: no passive effects
@: no status effects
A: no striking features
a: no special abilities


You were on level 2 of the Dungeon.
You visited 1 branch of the dungeon, and saw 2 of its levels.

You collected 68 gold pieces.


   Skills:
 - Level 1.5 Fighting
 + Level 6.7 Ranged Weapons
 - Level 2.4 Dodging
 - Level 1.2 Stealth


You had 2 spell levels left.
You didn't know any spells.
Your spell library was empty.

Inventory:

Hand Weapons
 a - a +0 shortbow (weapon)
Armour
 f - a +0 ring mail (worn)
Scrolls
 c - 3 scrolls of noise {unknown}
 e - 2 scrolls of identify {unknown}
 j - a scroll of teleportation
Potions
 b - a potion of attraction {unknown}
 d - a potion of cancellation {unknown}
 g - a potion of degeneration {unknown}
 h - a potion of heal wounds {unknown}
 i - a potion of enlightenment {unknown}

Dungeon Overview and Level Annotations

Branches:
Dungeon (2/15)

Altars:

Annotations:
D:2 1 runed translucent door, Crazy Yiuf, Jessica


Message History

You kill the frilled lizard!
The bat closely misses you. The bat hits you but does no damage.
You shoot an arrow. The arrow closely misses the bat.
The bat barely misses you. The bat hits you.
You shoot an arrow. The arrow hits the bat!
You kill the bat!
Found a hand axe.
A goblin comes into view. It is wielding a +0 club.
You shoot an arrow. The arrow hits the goblin.
The goblin shouts!
The goblin is moderately wounded.
You hear an angry hiss.
You shoot an arrow. The arrow hits the goblin.
The goblin is almost dead.
You shoot an arrow. The arrow hits the goblin.
You kill the goblin!
You now have 68 gold pieces (gained 9).
You see here a +0 club.
A ball python comes into view.
The ball python hisses angrily.
You shoot an arrow. The arrow hits the ball python!
You kill the ball python!
j - a scroll of teleportation A hobgoblin comes into view.
Found a scroll labelled HORYORR KEFFIL.
You shoot an arrow. The arrow hits the hobgoblin!
You kill the hobgoblin!
e - 2 scrolls labelled HORYORR KEFFIL (gained 1)
You open the door.
There is an open door here.
Jessica the Apprentice Sorceress comes into view.
She is wielding a +0 dagger.
You shoot an arrow. The arrow completely misses Jessica.
Jessica shouts!
You shoot an arrow. The arrow closely misses Jessica.
Jessica hits you with a +0 dagger.
You shoot an arrow. The arrow closely misses Jessica.
Jessica casts a spell at you. Pain shoots through your body!
Ouch! That really hurt!
You die...

#.####...#######...# #.#
#..#..###.....#####.### #)#
##.##....##.##...###...####.###
#.)#.....#..#..#...###...##.##.
##.##....##.##.####...###.##.##.
#...###.....#..#..###.....##.##.
#.#...####.##.##....##.##.##....
#.###..)#..#..#.....#..#..##.#..
##...###...##.##@@..##.##.###.#.#
#..#...###.#...#.#..#..#......#..
#.####...#####...####.##.#.##.#..
..# #%#...#)###...#..#....##.#..
.## ...##.##...###...##.#.......#
.#.....#..#..#...###.#..#.###.###
##....##.##%####...#.#.... #.###
.###..#.%#.....###...#..## #.##.
...####.##.##....##.###..# #.##.


You could see Jessica.

Vanquished Creatures
  A ribbon worm (D:2)
  2 ball pythons
  A giant cockroach (D:2)
  4 goblins
  5 hobgoblins
  A quokka (D:2)
  4 bats
  4 frilled lizards
  3 kobolds
  7 rats
32 creatures vanquished.

Notes
Turn   | Place    | Note
-------+----------+-------------------------------------------
     0 | D:1      | qw the Deep Elf Hunter began the quest for the Orb.
     0 | D:1      | Reached XP level 1. HP: 12/12 MP: 3/3
     0 | D:1      | 0 ||| qw: Version: 0.3-a-155-g5e7d8dd
     0 | D:1      | 0 ||| qw: Game counter: 877
     0 | D:1      | 0 ||| qw: Melee chars always use a shield: true
     0 | D:1      | 0 ||| qw: God list: Okawaru
     0 | D:1      | 0 ||| qw: Allow faded altars: false
     0 | D:1      | 0 ||| qw: Do Orc after clearing Dungeon:15 true
     0 | D:1      | 0 ||| qw: Do second Lair branch before Depths: true
     0 | D:1      | 0 ||| qw: Lair rune preference: random
     0 | D:1      | 0 ||| qw: Goals: Normal
     0 | D:1      | 0 ||| PLANNING D:1-11
   162 | D:1      | Reached XP level 2. HP: 16/16 MP: 4/4
   163 | D:1      | Reached skill level 6 in Ranged Weapons
   528 | D:1      | 528 ||| UPGRADING to +0 ring mail.
   538 | D:1      | 538 ||| DROPPING +0 leather armour.
   539 | D:1      | 539 ||| READING scroll labelled UCRYNO POZ TEI.
   540 | D:1      | 540 ||| READING scroll labelled EGOBA KOLLOO.
   544 | D:1      | 544 ||| DROPPING scroll of butterflies.
   935 | D:2      | Found a runed translucent door.
   936 | D:2      | Noticed Crazy Yiuf
  1019 | D:2      | Reached XP level 3. HP: 20/20 MP: 5/5
  1158 | D:2      | Noticed Jessica
  1161 | D:2      | Killed from afar by Jessica

Levels and vault maps discovered:
D:1:      sevenhm_arrival_forest_fort_small_6, layout_basic
D:2:      minmay_skewed_foursquare, layout_basic, minmay_misc_feat_room,
          uniq_jessica, uniq_crazy_yiuf_cottage

Skill      XL: |  1  2 |
---------------+-------+-----
Ranged Weapons | 6 |  6.7
Fighting       | |  1.5
Dodging        | |  2.4
Stealth        | |  1.2

Action                     || total
---------------------------++-------
   Fire: Shortbow          ||    79
    Use: Scroll            ||     2
 Armour: Leather armour    ||     2
         Ring mail         ||     9
  Dodge: Dodged            ||    11

Table legend:
 A = Non-vault XP
 B = Vault XP
 C = Vault XP percentage of total XP
 D = Non-vault monster count
 E = Vault monster count
 F = Vault count percentage of total count
                 A         B        C        D         E       F
            +---------+---------+-------+---------+---------+-------
      Total |      40 |      10 |  20.0 |      26 |       6 |  18.8
            +---------+---------+-------+---------+---------+-------
        D:1 |      23 |       0 |   0.0 |      17 |       0 |   0.0
        D:2 |      17 |      10 |  37.0 |       9 |       6 |  40.0
            +---------+---------+-------+---------+---------+-------
